Map: [ESL] Cosmic Sapphire

Players

Cham

  • Race: Zerg Zerg
  • Spawn Location: 5:00

Serral - Winner!

  • Race: Zerg Zerg
  • Spawn Location: 11:00

Event: HomeStory Cup XXII

VOD

Have the link to the VOD?

Description

Time

  • Played on: Dec. 15, 2022, 11:25 a.m.
  • Length: 12:00

All games in this series

Show
View Real Time Build Order
Export as new Build Order

Cham Zerg 

Build Orders: Hatch First, Zergling Baneling 

Get SALT Encoding   

  12  0:00  Drone  
  13  0:12  Overlord  
  13  0:17  Drone  
  14  0:30  Drone x2  
  16  0:47  Hatchery  
  15  0:50  Drone  
  15  0:54  Drone  
  17  0:58  Drone  
  18  1:11  Spawning Pool  
  18  1:12  Extractor  
  18  1:15  Drone  
  17  1:20  Drone  
  18  1:28  Drone  
  19  1:39  Drone  
  20  1:49  Overlord  
  20  1:58  Queen  
  20  1:59  Queen  
  20  2:00  Drone  
  25  2:02  Drone  
  26  2:11  Drone x2  
  28  2:16  Metabolic Boost  
  28  2:26  Zergling x2  
  29  2:33  Hatchery  
  28  2:41  Baneling Nest, Drone  
  29  2:44  Zergling x2  
  29  2:45  Overlord  
  29  2:50  Drone  
  30  2:57  Drone x2  
  30  2:58  Zergling x2  
  33  3:08  Drone  
  33  3:09  Zergling x2  
  33  3:10  Zergling x6  
  39  3:12  Zergling x2  
  39  3:14  Zergling x2  
  39  3:16  Zergling x2  
  41  3:21  Zergling x2  
  41  3:22  Overlord  
  41  3:35  Baneling  
  41  3:36  Baneling  
  41  3:37  Zergling x4  
  41  3:40  Overlord  
  43  3:41  Drone  
  43  3:42  Drone x3  
  46  3:51  Baneling x2  
  46  3:59  Zergling x4, Baneling  
  46  4:00  Baneling  
  46  4:02  Drone x3  
  50  4:09  Zergling x6  
  47  4:15  Drone x5  
  49  4:18  Baneling  
  49  4:19  Zergling x2  
  49  4:20  Zergling x4  
  52  4:28  Zergling x6  
  54  4:35  Roach Warren, Extractor  
  54  4:36  Baneling x2  
  54  4:37  Extractor  
  50  4:42  Zergling x6  
  50  4:45  Drone x3  
  55  4:46  Drone x2  
  55  4:47  Drone  
  55  4:51  Overlord  
  59  5:03  Overlord  
  59  5:09  Lair  
  59  5:15  Roach x6  
  59  5:17  Drone  
  59  5:20  Drone  
  59  5:21  Drone  
  74  5:22  Drone, Roach  
  74  5:23  Drone  
  77  5:29  Drone x3  
  77  5:33  Overlord  
  77  5:35  Evolution Chamber  
  79  5:37  Drone  
  79  5:38  Drone  
  79  5:40  Extractor  
  79  5:42  Baneling x2  
  80  5:46  Drone, Overlord  
  81  5:52  Overlord  
  81  5:53  Drone x3  
  81  5:55  Drone x2  
  86  5:57  Extractor x2  
  86  6:00  Drone  
  82  6:05  Roach x2  
  82  6:08  Roach x2  
  82  6:09  Roach  
  90  6:16  Spire  
  90  6:17  Roach x2  
  90  6:18  Roach  
  95  6:20  Roach  
  95  6:22  Roach  
  95  6:23  Roach  
  102  6:25  Roach  
  102  6:34  Roach  
  102  6:36  Overlord  
  102  6:38  Roach  
  104  6:41  Roach x2  
  104  6:45  Roach x3  
  104  6:53  Roach  
  105  6:56  Overlord  
  105  6:57  Glial Reconstitution  
  105  6:58  Zerg Missile Weapons Level 1  
  105  7:00  Drone x4  
  109  7:02  Drone  
  109  7:06  Drone x3  
  113  7:10  Overlord  
  113  7:14  Queen  
  115  7:16  Overlord  
  115  7:29  Mutalisk x4  
  121  7:31  Mutalisk  
  121  7:33  Mutalisk  
  125  7:38  Drone x4  
  125  7:39  Drone  
  125  7:41  Mutalisk  
  132  7:45  Mutalisk  
  132  7:50  Overlord  
  134  7:54  Mutalisk  
  136  7:59  Hatchery  
  136  8:02  Overlord  
  136  8:05  Overlord  
  135  8:16  Overlord  
  135  8:18  Roach x5  
  135  8:19  Overlord  
  145  8:20  Overlord x2  
  145  8:22  Overlord  
  145  8:24  Drone  
  145  8:26  Roach  
  145  8:27  Roach  
  150  8:31  Roach x2  
  150  8:34  Queen  
  154  8:36  Roach  
  154  8:40  Ravager x6  
  154  8:41  Ravager  
  165  8:43  Roach  
  165  8:45  Roach  
  165  8:46  Roach  
  171  8:49  Roach  
  171  8:53  Roach x2  
  171  8:54  Roach  
  179  8:59  Roach x2  
  179  9:01  Roach  
  185  9:08  Roach x4  
  171  9:14  Roach x3  
  169  9:19  Roach  
  169  9:20  Roach x2  
  173  9:25  Zerg Missile Weapons Level 2  
  165  9:35  Roach x8  
  165  9:37  Roach  
  183  9:41  Roach x2  
  183  9:45  Ravager  
  188  9:48  Roach x3  
  188  9:50  Roach  
  188  9:51  Roach  
  188  9:52  Roach  
  200  9:57  Roach  
  185  10:09  Roach x7  
  185  10:11  Roach  
  171  10:19  Roach  
  171  10:20  Roach x4  
  168  10:23  Roach x2  
  168  10:25  Roach  
  168  10:26  Roach  
  168  10:27  Roach  
  171  10:31  Ravager x2  
  171  10:33  Roach x3  
  179  10:37  Roach x2, Extractor  
  179  10:38  Extractor  
  179  10:40  Roach x2  
  179  10:41  Roach  
  179  10:42  Roach  
  187  10:45  Drone x3  
  187  10:48  Roach x2  
  192  10:51  Overlord x2  
  178  11:08  Roach x8  
  152  11:14  Roach x3  
  152  11:15  Roach  
  150  11:23  Roach x5  
  154  11:25  Roach  
  154  11:32  Roach x2  
  158  11:35  Roach x2  
  153  11:40  Roach x3  
  153  11:43  Ravager  
  153  11:44  Ravager  
  162  11:47  Ravager  
Show
View Real Time Build Order
Export as new Build Order

Serral Zerg - Winner!

Build Orders: Hatch First, Roach Hydra 

Get SALT Encoding   

  12  0:00  Drone  
  13  0:11  Overlord  
  13  0:16  Drone  
  14  0:29  Drone  
  14  0:30  Drone  
  16  0:48  Hatchery  
  15  0:50  Drone  
  15  0:54  Drone  
  17  0:57  Drone  
  18  1:08  Extractor  
  17  1:12  Spawning Pool  
  17  1:15  Drone  
  17  1:19  Drone  
  18  1:27  Drone  
  19  1:37  Drone  
  20  1:49  Drone  
  21  1:59  Queen x2  
  21  2:00  Zergling x2  
  26  2:02  Overlord  
  26  2:08  Metabolic Boost  
  26  2:10  Drone x2  
  28  2:22  Drone  
  29  2:27  Drone  
  30  2:32  Hatchery  
  30  2:34  Drone  
  30  2:37  Drone  
  30  2:42  Drone  
  32  2:47  Baneling Nest  
  32  2:48  Overlord  
  31  2:55  Drone  
  31  2:56  Drone  
  33  3:05  Zergling x2  
  33  3:06  Zergling x2  
  33  3:07  Zergling x8  
  33  3:11  Zergling x4  
  41  3:17  Overlord  
  42  3:20  Zergling x2  
  42  3:28  Drone x2  
  42  3:30  Evolution Chamber  
  43  3:41  Baneling x2  
  43  3:42  Zergling x2  
  43  3:43  Zergling x2  
  43  3:46  Zergling x4  
  43  3:47  Overlord  
  43  3:48  Drone x2  
  49  3:58  Zergling x2  
  49  3:59  Zergling x2  
  49  4:00  Drone  
  51  4:03  Zerg Missile Weapons Level 1  
  51  4:04  Drone  
  51  4:07  Drone x2  
  46  4:18  Zergling x6  
  46  4:20  Zergling x4  
  46  4:21  Drone x2, Extractor  
  46  4:23  Drone x2, Roach Warren  
  53  4:28  Drone  
  53  4:32  Drone  
  53  4:33  Drone  
  53  4:38  Baneling x2  
  54  4:40  Drone  
  54  4:42  Drone x2  
  56  4:47  Baneling  
  56  4:48  Baneling  
  56  4:57  Extractor  
  56  4:58  Zergling x2  
  55  5:03  Roach x5  
  65  5:09  Overlord x4  
  65  5:13  Overlord  
  64  5:21  Overlord  
  64  5:26  Queen  
  64  5:27  Roach x5  
  72  5:36  Drone x3  
  72  5:40  Roach  
  72  5:42  Roach x2  
  80  5:46  Lair  
  80  5:48  Drone x2  
  82  5:52  Roach x2  
  86  6:00  Drone x2  
  86  6:03  Drone x4  
  87  6:05  Drone  
  87  6:06  Drone  
  89  6:13  Drone  
  89  6:15  Zerg Ground Armor Level 1  
  89  6:19  Drone x3  
  89  6:20  Drone  
  93  6:29  Overlord  
  93  6:30  Roach  
  93  6:31  Roach x3  
  101  6:36  Drone  
  101  6:37  Drone  
  103  6:42  Roach x6  
  109  6:51  Glial Reconstitution  
  109  6:52  Extractor x2  
  103  6:57  Overseer  
  103  6:58  Drone x9, Extractor  
  111  7:04  Overlord  
  111  7:05  Roach x2  
  115  7:16  Roach x3  
  121  7:23  Hydralisk Den  
  121  7:25  Drone x3  
  121  7:26  Drone  
  121  7:28  Roach x4  
  128  7:30  Overlord x4  
  128  7:46  Drone  
  128  7:47  Drone  
  128  7:48  Drone  
  128  7:49  Overlord  
  131  7:52  Spore Crawler x2  
  131  7:53  Hydralisk x4  
  131  7:54  Grooved Spines, Overseer  
  131  7:55  Spore Crawler  
  131  7:57  Hydralisk  
  138  8:00  Hydralisk x2  
  138  8:04  Overlord  
  142  8:08  Overlord  
  142  8:12  Hydralisk x3  
  144  8:16  Zerg Missile Weapons Level 2  
  148  8:20  Roach x2  
  148  8:21  Roach  
  148  8:25  Overlord x2  
  154  8:30  Roach x2  
  158  8:34  Roach x2  
  162  8:42  Overlord x4  
  162  8:49  Zergling x2  
  162  8:50  Roach x3  
  167  8:56  Roach x3  
  167  8:58  Ravager  
  174  9:06  Muscular Augments  
  174  9:07  Roach x3  
  166  9:10  Roach  
  166  9:11  Roach x3  
  166  9:14  Ravager  
  166  9:15  Ravager  
  166  9:16  Roach  
  174  9:23  Roach x5  
  181  9:24  Ravager x2  
  181  9:30  Roach x2  
  185  9:36  Ravager  
  186  9:39  Roach x2  
  186  9:40  Hatchery  
  189  9:47  Roach x4  
  195  9:54  Roach x2  
  199  10:06  Roach  
  199  10:07  Roach x3  
  198  10:12  Roach  
  198  10:13  Roach x6  
  198  10:19  Roach x2  
  194  10:24  Roach x2  
  194  10:25  Tunneling Claws, Burrow  
  198  10:42  Drone  
  199  10:51  Pneumatized Carapace  
  195  11:06  Roach x4  
  195  11:07  Roach  
  195  11:08  Roach  
  195  11:09  Roach x8  
  195  11:12  Roach x3  
  195  11:22  Hydralisk  
  195  11:23  Roach  
  199  11:25  Extractor  
  199  11:32  Infestation Pit  
  197  11:35  Extractor  
Tags
 
Add a new tag
Caveats
  • Supply blocks, unpowered buildings, or Contaminate may cause inaccurate times.
  • Supply counts are checked every 10 seconds.